 Dungeon Crawl Stone Soup version 0.27-a0-1202-ge72e49191c (webtiles) character file.

Game seed: 7380772505430405607

23 Ijustatesigmund the Skirmisher (level 2, -3/24 HPs)
             Began as a Demonspawn Fighter on June 2, 2021.
             Slain by a gnoll
             ... wielding a +0 spear
              (6 damage)
             ... on level 2 of the Dungeon.
             The game lasted 00:01:38 (1397 turns).

Ijustatesigmund the Skirmisher (Demonspawn Fighter) Turns: 1397, Time: 00:01:39

Health: -3/24      AC:  8    Str: 16    XL:     2   Next: 72%
Magic:  2/2        EV:  6    Int:  9    God:
Gold:   59         SH:  8    Dex: 12    Spells: 1/1 levels left

rFire    . . .     SeeInvis .   a - +0 war axe
rCold    . . .     Faith    .   c - +0 kite shield
rNeg     . . .     Spirit   .   b - +0 scale mail
rPois    .         Reflect  .   (no helmet)
rElec    .         Harm     .   (no cloak)
rCorr    .         Rampage  .   (no gloves)
Will     .....                  (no boots)
Stlth    ..........             (no amulet)
HPRegen  0.08/turn              (no ring)
MPRegen  0.08/turn              (no ring)

@: mighty
A: molten scales 1
a: no special abilities


You were on level 2 of the Dungeon.
You visited 1 branch of the dungeon, and saw 2 of its levels.

You collected 59 gold pieces.

Inventory:

Hand Weapons
 a - a +0 war axe (weapon)
Armour
 b - a +0 scale mail (worn)
 c - a +0 kite shield (worn)
Scrolls
 e - a scroll of vulnerability {unknown}
 f - a scroll of teleportation {unknown}
 g - a scroll of enchant armour {unknown}
 h - a scroll of noise {unknown}
Potions
 i - a potion of curing {unknown}
 j - a potion of cancellation {unknown}


   Skills:
 + Level 3.3 Fighting
 * Level 2.6 Axes
 - Level 2.6 Armour
 - Level 2.6 Shields


You had one spell level left.
You didn't know any spells.
Your spell library was empty.

Dungeon Overview and Level Annotations

Branches:
Dungeon (2/15)

Altars:

Shops:
D:1 (


Innate Abilities, Weirdness & Mutations

You are partially covered in molten scales. (AC +2)


Message History

A gnoll comes into view. It is wielding a +0 whip.
The gnoll shouts!
A goblin comes into view. It is wielding a +0 club.
The goblin shouts!
You hear a shout! 2 gnolls come into view.
The gnoll shouts! x2
The gnoll hits you with a +0 whip.
You hit the gnoll but do no damage. The gnoll barely misses you.
The gnoll hits you but does no damage.
You barely miss the gnoll. You block the gnoll's attack.
The gnoll barely misses you.
Your shield and scale mail prevent you from hitting the gnoll.
You closely miss the goblin. The gnoll hits you but does no damage.
The goblin hits you but does no damage.
The gnoll hits you from afar with a +0 spear.
The gnoll hits you with a +0 whip. The goblin hits you but does no damage.
You hit the gnoll.
The gnoll is lightly wounded.
You hit the goblin. The gnoll hits you but does no damage.
The gnoll hits you with a +0 whip. The goblin hits you but does no damage.
The gnoll hits you from afar with a +0 spear.
You are too injured to fight recklessly!
You are too injured to fight recklessly!
You are too injured to fight recklessly!
You are too injured to fight recklessly!
You are too injured to fight recklessly!
You are too injured to fight recklessly!
You are too injured to fight recklessly!
You are too injured to fight recklessly!
You feel very mighty all of a sudden. You block the gnoll's attack.
The goblin hits you but does no damage. You block the gnoll's attack.
You slash the gnoll!
The gnoll is almost dead.
You closely miss the goblin. The gnoll hits you with a +0 whip.
* * * LOW HITPOINT WARNING * * *
The goblin hits you but does no damage.
The gnoll hits you but does no damage. x2
You block the goblin's attack.
The gnoll hits you from afar with a +0 spear.
You die...

#.#..... ..
#.#.#....#. ..
#.#.#.##..# ." #
#.#...##..##.. .#
#.#......#..# .. ####
#.#.#...#... .. #
.....#...#..#..# .#..#
#......##(#..g##gg.#.#
#........#....@g....#
#.............########
#............##
#............#
#............#
#.......######
.....#### ....


You could see 3 gnolls and a goblin.

Vanquished Creatures
  2 dart slugs (D:1)
  An endoplasm (D:1)
  A goblin (D:1)
  A hobgoblin (D:2)
  4 jackals (D:1)
  A quokka (D:1)
  2 ball pythons (D:1)
  A bat (D:1)
  3 frilled lizards (D:1)
  3 rats
  2 bushes (D:1)
21 creatures vanquished.

Vanquished Creatures (others)
  7 plants (D:1)
7 creatures vanquished.

Grand Total: 28 creatures vanquished

Notes
Turn   | Place    | Note
-------+----------+-------------------------------------------
     0 | D:1      | Ijustatesigmund the Demonspawn Fighter began the quest for
                  | the Orb.
     0 | D:1      | Reached XP level 1. HP: 18/18 MP: 1/1
    50 | D:1      | Found Pagyesan's Weapon Boutique.
    67 | D:1      | Gained mutation: You are partially covered in molten
                  | scales. (AC +2) [demonic ancestry]
    67 | D:1      | Reached XP level 2. HP: 12/24 MP: 2/2
  1397 | D:2      | Slain by a gnoll

Illustrated notes

Levels and vault maps discovered:
D:1:      minmay_arrival_wavy_path, layout_basic, serial_forest,
          infiniplex_forest_lined_2, infiniplex_forest_clump_curved,
          infiniplex_forest_clump_diagonal, infiniplex_forest_zigzag_2,
          infiniplex_forest_corner_1, infiniplex_forest_lined_2,
          infiniplex_forest_clump_tiny, infiniplex_forest_end_2,
          infiniplex_forest_end_3, serial_shops, shop, hex_large
D:2:      layout_basic, grunt_ministairs_8, minivault_26

Skill      XL: |  1 |
---------------+----+-----
Axes           | 2 |  2.6
Fighting       | |  3.3
Armour         | |  2.6
Shields        | |  2.6

Action                   || total
-------------------------++-------
Melee: War axe           ||   167
  Use: Potion            ||     1
Armor: Scale mail        ||    49
Dodge: Dodged            ||    13
Block: Kite shield       ||    35

Table legend: (Time is in decaauts)
 A = Elapsed time spent in this place.
 B = Non-inter-level travel time spent in this place.
 C = Inter-level travel time spent in this place.
 D = Time resting spent in this place.
 E = Time spent auto-exploring this place.
 F = Levels seen in this place.
 G = Mean time per level.
                   A        B        C        D        E       F      G
               +--------+--------+--------+--------+--------+-----+--------+
         Total |   1499 |   1457 |     42 |    141 |    978 |   2 |  749.5 |
       Dungeon |   1499 |   1457 |     42 |    141 |    978 |   2 |  749.5 |
               +--------+--------+--------+--------+--------+-----+--------+

Top non-repeatable levels by time:
     D:1: 1464 daAuts
     D:2: 35 daAuts
